 Dungeon Crawl Stone Soup version 0.31-a0-1074-g0b22e4e0f1 (webtiles) character file.

Game seed: 4767064546625078203

525116 Pooter the Executioner (level 24, -4/228 HPs)
             Began as a Minotaur Fighter on Nov 25, 2023.
             Was an Elder of Okawaru.
             Killed from afar by a demonspawn blood saint (12 damage)
             ... with a fireball
             ... on level 8 of a ziggurat on Nov 29, 2023.
             The game lasted 06:52:55 (111762 turns).

Pooter the Executioner (Minotaur Fighter)         Turns: 111762, Time: 06:52:56

Health: -4/228     AC: 34    Str: 31    XL:     24   Next: 77%
Magic:  29/30      EV: 18    Int:  7    God:    Okawaru [****..]
Gold:   2908       SH:  5    Dex: 16    Spells: 15/30 levels left

rFire   + + +        a - +8 frozen axe "Frostbite" {freeze, freezing cloud, *Noise Fly rC+}
rCold   + + .        (shield currently unavailable)
rNeg    + + +        v - +7 plate armour of the Depths {Harm rElec rPois Int-4}
rPois   +            G - +2 hat
rElec   +            z - scarf {repulsion}
rCorr   +            O - +1 pair of gloves of Reason {+Blink rF+ Dex+3}
SInv    +            Z - +2 pair of boots of Xohe {rF++ Dex+4}
Will    +....        B - amulet of Lecuvuhy {Reflect rN+++ Str-2 Dex-2 SH+5 SInv}
Stlth   +            Y - +4 ring of slaying
HPRegen 0.58/turn    r - ring "Nuwnui" {Drain Fly rN+ Int+5 Slay+5}
MPRegen 0.22/turn

%: harm (+30% outgoing, +20% incoming), repel missiles, reflection
@: resistant, heroic, flying, hasted, studying Shields, very quick
A: horns 2, retaliatory headbutt, hooves 1, strong 1
}: 2/15 runes: barnacled, gossamer
a: Renounce Religion, Evoke Blink, Heroism, Finesse


You were on level 8 of a ziggurat.
You worshipped Okawaru.
Okawaru was greatly pleased with you.
You visited 10 branches of the dungeon, and saw 42 of its levels.
You visited the Abyss 1 time.
You visited 1 ziggurat, and saw 8 of its levels.
You also visited: Gauntlet, Ice Cave and Wizlab.

You collected 6859 gold pieces.
You spent 3951 gold pieces at shops.

Inventory:

Hand Weapons
 a - the +8 frozen axe "Frostbite" (weapon) {freeze, freezing cloud, *Noise Fly rC+}
   (You took it off a minotaur in a Gauntlet)

   rC+:       It protects you from cold.
   Fly:       It grants you flight.
   *Noise:    It may make a loud noise when swung.
 b - a +9 heavy arbalest
   (You acquired it on level 5 of the Lair of Beasts)
 M - a +5 battleaxe of flaming
   (You took it off a hell knight on level 3 of the Vaults)
 R - a +6 dire flail of holy wrath
   (You took it off a vault warden on level 3 of the Vaults)
Missiles
 m - 7 datura-tipped darts
 A - 13 javelins
 H - 62 boomerangs (quivered)
 J - 15 curare-tipped darts
 W - 39 silver javelins
Armour
 v - the +7 plate armour of the Depths (worn) {Harm rElec rPois Int-4}
   (You bought it in a shop on level 2 of the Orcish Mines)

   Int-4:     It affects your intelligence (-4).
   rElec:     It insulates you from electricity.
   rPois:     It protects you from poison Harm: It increases damage dealt and
   taken.
 x - +10 storm dragon scales {Bai Suzhen}
   (You found it on level 15 of the Dungeon)
 z - a scarf of repulsion (worn)
   (You found it in a wizard's laboratory)
 G - a +2 hat (worn)
   (You found it on level 4 of the Dungeon)
 O - the +1 pair of gloves of Reason (worn) {+Blink rF+ Dex+3}
   (You found it on level 12 of the Dungeon)

   Dex+3:     It affects your dexterity (+3).
   rF+:       It protects you from fire.
   +Blink:    It lets you blink.
 Z - the +2 pair of boots of Xohe (worn) {rF++ Dex+4}
   (Okawaru gifted it to you on level 3 of the Lair of Beasts)

   Dex+4:     It affects your dexterity (+4).
   rF++:      It greatly protects you from fire.
Jewellery
 e - a +6 ring of dexterity
   (You found it on level 8 of the Dungeon)
 j - a ring of willpower
   (You found it on level 2 of the Lair of Beasts)
 q - an amulet of regeneration
   (You found it on level 4 of the Lair of Beasts)
 r - the ring "Nuwnui" (right hand) {Drain Fly rN+ Int+5 Slay+5}
   (You found it on level 3 of the Crypt)

   [ring of positive energy]

   Int+5:     It affects your intelligence (+5).
   Slay+5:    It affects your accuracy & damage with ranged weapons and melee
   (+5).
   rN+:       It protects you from negative energy.
   Fly:       It grants you flight.
   Drain:     It drains your maximum health when unequipped.
 B - the amulet of Lecuvuhy (around neck) {Reflect rN+++ Str-2 Dex-2 SH+5 SInv}
   (You bought it in a shop on level 1 of the Dungeon)

   [amulet of reflection]

   Reflect:   It reflects blocked missile attacks.
   Str-2:     It affects your strength (-2).
   Dex-2:     It affects your dexterity (-2).
   rN+++:     It renders you almost immune to negative energy.
   SInv:      It lets you see invisible.
   SH+5:      It affects your SH (+5).
 C - the ring "Kog Iguf" {*Slow Fly rCorr Dex+5 Stlth+}
   (You found it in a wizard's laboratory)

   [ring of flight]

   Dex+5:     It affects your dexterity (+5).
   Fly:       It grants you flight.
   rCorr:     It protects you from acid and corrosion.
   *Slow:     It may slow you when you take damage.
   Stlth+:    It makes you more stealthy.
 F - a ring of protection from fire
   (You bought it in a shop on level 2 of the Orcish Mines)
 I - a ring of protection from cold
   (You bought it in a shop on level 6 of the Dungeon)
 S - a +6 ring of strength
   (You found it on level 4 of the Dungeon)
 Y - a +4 ring of slaying (left hand)
   (You found it on level 6 of a ziggurat)
Wands
 d - a wand of iceblast (33)
   (You found it on level 5 of the Dungeon)
 f - a wand of flame (108)
   (You took it off Sigmund on level 4 of the Dungeon)
 D - a wand of digging (44)
   (You found it in a Gauntlet)
 E - a wand of quicksilver (21)
   (You took it off Pikel on level 4 of the Dungeon)
 K - a wand of polymorph (11)
   (You found it on level 5 of the Dungeon)
 U - a wand of mindburst (39)
   (You found it on level 10 of the Dungeon)
Scrolls
 l - 2 scrolls of silence
 n - 5 scrolls of revelation
 p - 9 scrolls of immolation {!r}
 t - 9 scrolls of teleportation {@r4}
 w - 7 scrolls of poison {!r}
 y - 8 scrolls of fog
 T - 2 scrolls of brand weapon
 V - 7 scrolls of blinking
Potions
 c - 7 potions of cancellation
 g - 2 potions of resistance
 h - 11 potions of curing {@q1}
 i - 3 potions of attraction {!q}
 k - 6 potions of berserk rage
 o - 5 potions of heal wounds {@q2}
 s - 8 potions of haste {@q3}
 u - 3 potions of invisibility
 L - 5 potions of enlightenment
 N - 10 potions of lignification {!q}
 P - 5 potions of might
 X - 5 potions of mutation {!q}
Miscellaneous
 Q - a tin of tremorstones (1/2)
   (You bought it in a shop on level 14 of the Dungeon)


   Skills:
 + Level 21.2(26.2) Fighting
 - Level 23.4(27) Axes
 - Level 5.8(21.5) Maces & Flails
 - Level 19.3(24.3) Ranged Weapons
 - Level 10.0(15.0) Throwing
 - Level 14.8(19.8) Armour
 + Level 13.7(18.7) Dodging
 + Level 9.3(14.3) Stealth
 - Level 3.6(8.6) Shields
 + Level 3.6 Spellcasting
 * Level 12.4 Translocations
 + Level 11.8 Invocations
 - Level 10.3 Evocations


You had 15 spell levels left.
You knew the following spells:

 Your Spells              Type           Power      Damage    Failure   Level
a - Manifold Assault      Tloc           18%        N/A       8%          4
b - Gell's Gravitas       Tloc           18%        N/A       2%          3
c - Apportation           Tloc           36%        N/A       1%          1
d - Teleport Other        Tloc           18%        N/A       2%          3
v - Passage of Golubria   Tloc           18%        N/A       8%          4

Your spell library contained the following spells:

 Spells                   Type           Power      Damage    Failure   Level
 Momentum Strike          Conj/Tloc      18%        3d8       16%         2
 Volatile Blastmotes      Fire/Tloc      18%        2d11      30%         3
 Iskenderun's Mystic Bla  Conj/Tloc      9%         2d4       69%         4
 Vhi's Electric Charge    Tloc/Air       18%        N/A       69%         4
 Dispersal                Tloc           9%         N/A       77%         6
 Kiss of Death            Conj/Necr      4%         2d5       78%         1
 Necrotise                Necr           4%         1d4       78%         1
 Cigotuvi's Dreadful Rot  Necr/Pois/Air  2%         N/A       89%         2
 Ensorcelled Hibernation  Hex/Ice        2%         N/A       89%         2
 Jinxbite                 Hex            2%         N/A       89%         2
 Passwall                 Tmut/Erth      0%         N/A       89%         2
 Poisonous Vapours        Pois/Air       2%         N/A       89%         2
 Scorch                   Fire           2%         2d5       89%         2
 Static Discharge         Conj/Air       2%         3-4/arc   89%         2
 Sublimation of Blood     Necr           1%         N/A       89%         2
 Wereblood                Tmut           1%         N/A       89%         2
 Dazzling Flash           Conj/Hex       2%         N/A       98%         3
 Frozen Ramparts          Ice            2%         1d1       98%         3
 Hailstorm                Conj/Ice       1%         3d3       98%         3
 Ignite Poison            Fire/Tmut/Pois 1%         N/A       98%         3
 Mephitic Cloud           Conj/Pois/Air  1%         N/A       98%         3
 Swiftness                Air            1%         N/A       98%         3
 Vampiric Draining        Necr           1%         2d6       98%         3
 Anguish                  Hex/Necr       0%         N/A       100%        4
 Brom's Barrelling Bould  Conj/Erth      1%         2d3       100%        4
 Cause Fear               Hex            0%         N/A       100%        4
 Dispel Undead            Necr           1%         3d6       100%        4
 Flame Wave               Conj/Fire      1%         2d4       100%        4
 Fulminant Prism          Conj/Hex       0%         3d5       100%        4
 Leda's Liquefaction      Hex/Erth       0%         N/A       100%        4
 Petrify                  Tmut/Erth      1%         N/A       100%        4
 Agony                    Necr           1%         N/A       100%        5
 Alistair's Intoxication  Tmut/Pois      0%         N/A       100%        5
 Borgnjor's Vile Clutch   Necr/Erth      0%         N/A       100%        5
 Fireball                 Conj/Fire      0%         3d3       100%        5
 Freezing Cloud           Conj/Ice/Air   0%         6-21      100%        5
 Iskenderun's Battlesphe  Conj           1%         2d6       100%        5
 Lee's Rapid Deconstruct  Erth           0%         3d4*      100%        5
 Metabolic Englaciation   Hex/Ice        0%         N/A       100%        5
 Yara's Violent Unravell  Hex/Tmut       0%         3d3       100%        5
 Bombard                  Conj/Erth      0%         9d1       100%        6
 Conjure Ball Lightning   Conj/Air       0%         3x3d6     100%        6
 Eringya's Noxious Bog    Tmut/Pois      0%         4d6       100%        6
 Starburst                Conj/Fire      0%         6d3       100%        6
 Orb of Destruction       Conj           0%         9d5       100%        7
 Ozocubu's Refrigeration  Ice            0%         4d7       100%        7
 Discord                  Hex            0%         N/A       100%        8
 Disjunction              Tloc           9%         N/A       100%        8
 Ignition                 Fire           0%         3d3       100%        8
 Maxwell's Capacitive Co  Air            0%         ∞         100%        8
 Chain Lightning          Conj/Air       0%         2d1       100%        9
 Death's Door             Necr           0%         N/A       100%        9
 Fire Storm               Conj/Fire      0%         6d1       100%        9
 Polar Vortex             Ice            0%         N/A       100%        9
 Shatter                  Erth           0%         3d5*      100%        9
 Summon Small Mammal      Summ           Unusable   N/A       N/A         1
 Summon Forest            Summ/Tloc      Unusable   N/A       N/A         5
 Tukima's Dance           Hex            Unusable   N/A       N/A         3
 Animate Armour           Summ/Erth      Unusable   N/A       N/A         4
 Summon Ice Beast         Ice/Summ       Unusable   N/A       N/A         4
 Summon Lightning Spire   Summ/Air       Unusable   N/A       N/A         4
 Death Channel            Necr           Unusable   N/A       N/A         6
 Simulacrum               Ice/Necr       Unusable   N/A       N/A         6
 Summon Cactus Giant      Summ           Unusable   N/A       N/A         6
 Spellforged Servitor     Conj/Summ      Unusable   N/A       N/A         7
 Summon Hydra             Summ           Unusable   N/A       N/A         7
 Dragon's Call            Summ           Unusable   N/A       N/A         9

Dungeon Overview and Level Annotations

Branches:
Dungeon (15/15) Zot: 22815  Temple (1/1) D:7 Zot: 5989    Lair (5/5) D:10 Zot: 20456
 Shoals (4/4) Lair:3 Zot: 9088  Spider (4/4) Lair:2 Zot: 6139   Slime (0/5) Lair:4
    Orc (2/2) D:12 Zot: 8584     Elf (3/3) Orc:2 Zot: 2498  Vaults (4/5) D:13 Zot: 11472
  Crypt (3/3) Vaults:3 Zot: 3992    Tomb (0/3) Crypt:3      Depths (1/4) D:15 Zot: 3604
  IceCv (visited)          WizLab (visited)         Gauntlet (visited)

Altars:
Ashenzari
Cheibriados
Dithmenos
Elyvilon
Fedhas
Gozag
Hepliaklqana
Kikubaaqudgha
Makhleb
Nemelex Xobeh
Okawaru
Qazlal
Ru
Sif Muna
Trog
Uskayaw
Vehumet
Wu Jian
Xom
Yredelemnul
Zin
The Shining One
Jiyva

Shops:
D:1 *   D:6 =   D:14 *   Orc:2 ![:=   Elf:2 =   Shoals:2 !   Shoals:3 *
Vaults:2 (   Vaults:3 :   Vaults:4 [

Portals:
Abyss: D:13

Annotations:
Elf:2 3 runed translucent doors


Innate Abilities, Weirdness & Mutations

You have a pair of horns on your head.
You reflexively headbutt those who attack you in melee.
You have large cloven feet.
Your muscles are strong. (Str +4, Int/Dex -1)


Message History

The ynoxinul gestures.
You completely miss Nungich.
You hear the howling winds of a blizzard.
You slash the Hell Sentinel! You block Nungich's attack.
The hell beast skitters, "Quit, thou droning weevil-witted meatloaf!"
The orange demon stings you from afar. The Hell Sentinel hits you!!
* * * LOW HITPOINT WARNING * * *
The Hell Sentinel hits you!!
* * * LOW HITPOINT WARNING * * *
You hit Nungich. You freeze Nungich. You hit the Hell Sentinel.
Nungich hits you!
* * * LOW HITPOINT WARNING * * *
You slice Nungich!! You freeze Nungich!! You slice the Hell Sentinel!!
The Hell Sentinel hits you but does no damage.
The Hell Sentinel hits you!!
* * * LOW HITPOINT WARNING * * *
The orange demon stings you but does no damage.
You completely miss Nungich. Your headbutt misses Nungich.
You open the Hell Sentinel like a pillowcase!!!
Nungich hits you!
* * * LOW HITPOINT WARNING * * *
The Hell Sentinel gestures at you.
The iron shot is repelled.
Unknown command.
You closely miss Nungich. Your headbutt misses Nungich.
You closely miss the demonspawn blood saint.
You slash the Hell Sentinel! The orange demon misses you.
The ynoxinul gestures.
You block Nungich's attack.
You barely miss Nungich. You slash the Hell Sentinel!
You hear the raging winds of a blizzard.
You completely miss the ufetubus. You miss the demonspawn blood saint.
The orange demon stings you but does no damage.
The Hell Sentinel gestures at you.
The iron shot is repelled.
The ynoxinul gestures.
An orange demon comes into view.
The demonspawn blood saint conjures a destructive force in the name of Makhleb!
The mass of ice explodes!
The iceblast engulfs you!! You partially resist.
* * * LOW HITPOINT WARNING * * *
The iceblast engulfs the ufetubus!!
The ufetubus partially resists.
The ufetubus dies!
The ufetubus disappears in a puff of smoke!
The iceblast engulfs Nungich!!
Nungich dies!
The iceblast engulfs the demonspawn blood saint!
The demonspawn blood saint partially resists.
The iceblast engulfs the Hell Sentinel but does no damage.
The fireball explodes!
The fireball engulfs you! You resist.
You die...

▓▓▓ ....
....▓▓▓▓▓
........▓
........▓
.5...5..▓
..55.5§.▓
4.53.46@▓
5....5.1▓
.......2▓
........▓
........▓
....▓▓▓▓▓
.... ▓▓▓


You could see a Hell Sentinel (fast, strong), a demonspawn blood saint, a hell
beast (fast, inner flame), 2 orange demons, a ynoxinul (fast, resistant) and 8
ufetubi.

Vanquished Creatures
  Josephina (Arena)
  Frederick (Crypt:3)
  Bai Suzhen (D:15)
  Margery (Arena)
  2 pandemonium lords
  A profane servitor (Crypt:1)
  Arachne (Spider:4)
  A Tzitzimitl (Zig:2)
  Jorgrun (D:15)
  An Ice Fiend (Zig:7)
  A Cloud Mage (WizLab)
  A lich (Depths:1)
  3 deep elf blademasters (Elf:3)
  Mlioglotl (Spider:3)
  2 deep elf master archers (Elf:3)
  Asterion (Vaults:3)
  4 sphinxes
  4 tentacled starspawn
  Polyphemus (Shoals:1)
  2 Executioners
  2 ancient champions (Crypt:1)
  2 tengu reavers (Vaults:4)
  Kirke (Lair:4)
  Roxanne (D:15)
  Donald (Arena)
  The ghost of Soob the Metamorph, an adept MfSh of Trog (Shoals:3)
  Aizul (Arena)
  4 revenants
  7 deep elf sorcerers (Elf:3)
  A demonspawn warmonger (Zig:7)
  A fire giant (Depths:1)
  5 emperor scorpions
  11 vault wardens
  10 ghost moths
  5 deep elf elementalists
  5 orc warlords
  A spectral caustic shrike (Crypt:2)
  3 curse skulls
  A balrug (Zig:8)
  A frost giant (Vaults:4)
  Louise (D:15)
  9 ghouls
  4 war gargoyles
  6 formless jellyfish
  6 broodmothers
  14 ironbound preservers
  2 quicksilver oozes (Zig:3)
  A reaper (Zig:7)
  11 ironbound thunderhulks
  4 stone giants
  14 vampire knights
  2 demonspawn blood saints
  A caustic shrike skeleton (Crypt:2)
  3 deep elf demonologists (Elf:3)
  9 deep elf annihilators (Elf:3)
  A yellow draconian (Abyss:3)
  The ghost of Godezusi the Martial Artist, a journeyman DsFi of Jiyva (Lair:4)
  4 minotaurs
  A spectral titan (Crypt:3)
  19 dire elephants
  The ghost of Gawasace the Cleaver, a journeyman FoFi of Wu Jian (D:13)
  A lorocyproca (Zig:6)
  5 spark wasps
  2 ettins
  5 blizzard demons
  4 merfolk javelineers
  8 deep elf death magi
  2 green deaths
  A mummy priest (Crypt:3)
  The ghost of Stellion the Nimble, a journeyman GnHs of Vehumet (D:12)
  11 eidola
  9 jiangshi
  2 merfolk impalers (Shoals:3)
  2 crystal guardians
  3 spectral quicksilver dragons (Crypt:3)
  2 fire dragons (Depths:1)
  8 entropy weavers
  11 yaktaur captains
  8 deep elf high priests (Elf:3)
  4 spectral spriggans
  4 peacekeepers
  A spriggan zombie (Crypt:2)
  An ice dragon (Depths:1)
  A spectral shadow dragon (Crypt:3)
  A quicksilver dragon skeleton (Crypt:2)
  5 great orbs of eyes
  3 jorogumos (Spider:4)
  7 hydras
  A fenstrider witch zombie (Crypt:1)
  6 ghost crabs (WizLab)
  2 hell beasts
  4 spriggan air magi (WizLab)
  11 vault guards
  8 merfolk aquamancers
  10 centaur warriors
  4 radroaches
  13 satyrs
  An alligator snapping turtle (Shoals:2)
  8 ironbound frosthearts
  10 dancing weapons
  8 two-headed ogres
  3 death knights
  3 deep troll shamans (D:15)
  6 catoblepae
  3 deep troll earth magi (Depths:1)
  10 boulder beetles
  2 spriggan skeletons
  4 tengu warriors
  26 death yaks
  2 shock serpents (WizLab)
  The ghost of Jeffwins the Mimic, a novice DrSh of Gozag (D:8)
  11 demonic crawlers
  4 hell hogs (Abyss:3)
  A spectral orc (Crypt:3)
  8 orc high priests
  A spectral storm dragon (Crypt:3)
  8 vampire magi
  2 occultists
  3 soul eaters
  4 hell knights
  A storm dragon zombie (Crypt:3)
  14 deep elf knights
  A wretched star (Abyss:3)
  8 skysharks
  5 shadow wraiths
  4 iron trolls
  7 skeletal warriors (Crypt:3)
  A spectral bunyip (Crypt:2)
  A sixfirhy (Zig:6)
  2 death drakes (WizLab)
  3 glowing orange brains
  5 pharaoh ants
  11 orb spiders
  5 sea snakes
  4 bog bodies
  A bunyip skeleton (Crypt:3)
  A shadow demon (Zig:6)
  26 deep trolls
  16 flayed ghosts
  11 ironbound convokers
  11 deep elf archers
  16 lindwurms
  An anaconda skeleton (Crypt:3)
  17 phantasmal warriors
  An obsidian statue (Shoals:3)
  7 necromancers
  A spectral iron dragon (Crypt:3)
  18 harpies
  A spriggan simulacrum (Crypt:3)
  4 steelbarb worms
  5 arcanists
  Pikel (D:4)
  27 deep elf zephyrmancers
  22 deep elf pyromancers
  19 orc knights
  27 wolf spiders
  A frost giant zombie (Crypt:3)
  A spectral ettin (Crypt:3)
  18 fauns
  22 manticores
  11 orc sorcerers
  A shadow dragon skeleton (Vaults:4)
  3 worldbinders (D:13)
  4 cyclopes
  3 elephants (Lair:5)
  5 ugly things
  2 stone giant skeletons
  2 moths of wrath
  2 spectral centaurs (Crypt:3)
  34 slime creatures
  4 apocalypse crabs
  4 black mambas
  An elf zombie (Vaults:4)
  An eye of devastation (Zig:3)
  A fire giant skeleton (Crypt:3)
  A rust devil (Abyss:3)
  2 titan simulacra
  5 gargoyles
  A centaur zombie (Crypt:3)
  14 vault sentinels
  12 merfolk sirens
  A spectral alligator snapping turtle (Crypt:3)
  5 torpor snails
  3 ice statues (IceCv)
  6 water nymphs
  3 centaur skeletons
  13 cane toads
  23 freezing wraiths
  3 unseen horrors (D:12)
  Jeremiah (D:8)
  A tormentor (Zig:8)
  21 yaktaurs
  A steelbarb worm zombie (Crypt:2)
  2 efreet (D:14)
  9 komodo dragons
  A kobold demonologist (D:13)
  4 rime drakes
  2 tengu conjurers (D:15)
  An ice devil (D:13)
  A dire elephant skeleton (Crypt:2)
  3 anaconda simulacra
  3 ancient zymes (Abyss:3)
  A catoblepas skeleton (Crypt:2)
  6 guardian mummies (Crypt:3)
  13 meliai
  A spectral naga (Crypt:3)
  A harpy zombie (Crypt:3)
  A silent spectre (Zig:5)
  3 spectral harpies
  3 hellwings (D:11)
  A purple draconian skeleton (Crypt:3)
  12 wind drakes
  A mana viper skeleton (Crypt:2)
  A death drake zombie (Crypt:1)
  2 polar bears
  A meliai (shapeshifter) (D:14)
  6 trolls
  A tyrant leech (Zig:1)
  24 merfolk
  4 saltlings (Orc:2)
  A hydra skeleton (Crypt:3)
  A polar bear (shapeshifter) (Vaults:4)
  2 harpy skeletons
  A raiju (shapeshifter) (Elf:2)
  8 blink frogs
  4 raiju
  A spectral swamp dragon (Crypt:2)
  26 tarantellas
  12 snapping turtles
  10 dream sheep
  35 jumping spiders
  A satyr zombie (Crypt:3)
  A merfolk zombie (Crypt:2)
  Sigmund (D:4)
  12 flying skulls
  2 ettin skeletons (Crypt:2)
  6 air elementals
  A satyr skeleton (Crypt:1)
  4 shadows
  2 ettin zombies
  A black mamba zombie (Crypt:2)
  5 centaur simulacra
  27 culicivoras
  6 humans
  6 wyverns
  3 dire elephant simulacra
  2 fire elementals
  A hog (shapeshifter) (Elf:1)
  8 wraiths
  83 yaks
  24 water elementals
  3 golden eyes (Abyss:3)
  4 steam dragons
  2 basilisks
  2 naga simulacra
  A death yak simulacrum (IceCv)
  A golden eye (shapeshifter) (D:15)
  53 redbacks
  4 vampire mosquitoes (D:12)
  A skyshark zombie (Crypt:3)
  3 wargs
  Edmund (D:6)
  4 harpy simulacra
  3 neqoxecs
  A hydra simulacrum (Crypt:1)
  3 acid dragons
  A deep troll zombie (Crypt:2)
  16 water moccasins
  A water moccasin (shapeshifter) (Elf:1)
  2 ice beasts
  17 orc warriors
  A swamp drake (shapeshifter) (D:14)
  5 black bears
  A black mamba simulacrum (Crypt:2)
  12 ogres
  5 centaurs
  2 ettin simulacra
  2 human zombies (Vaults:4)
  16 wolves
  2 phantoms
  A kobold brigand (D:6)
  19 bullfrogs
  A rime drake skeleton (Crypt:1)
  A gnoll sergeant (D:7)
  3 necrophages
  An earth elemental (Elf:1)
  6 scorpions
  A demonspawn simulacrum (Crypt:3)
  A cane toad simulacrum (IceCv)
  A cyclops zombie (Crypt:1)
  A polar bear zombie (Crypt:3)
  10 wights
  2 elephant simulacra (IceCv)
  9 killer bees
  A troll zombie (Crypt:3)
  2 electric eels (Spider:1)
  5 howler monkeys
  A crimson imp (D:6)
  A wyvern simulacrum (Gauntlet)
  5 jellies
  3 quasits (D:8)
  5 hounds
  16 orc priests
  2 gnoll boudas
  3 human skeletons
  Terence (D:3)
  3 iguanas
  Natasha (thrice) (D:2)
  14 orc wizards
  A polar bear simulacrum (IceCv)
  A killer bee zombie (Crypt:1)
  7 ogre zombies
  A naga skeleton (Crypt:1)
  A howler monkey zombie (Crypt:2)
  16 gnolls
  7 adders
  3 white imps
  3 ufetubi
  An adder zombie (Crypt:1)
  An adder skeleton (Crypt:1)
  A worm (D:2)
  3 dart slugs
  55 orcs
  9 endoplasms
  6 giant cockroaches
  6 goblins
  12 hobgoblins
  7 jackals
  13 kobolds
  2 quokkas
  9 ball pythons
  8 bats
  A frilled lizard (D:2)
  3 gnoll skeletons (D:12)
  2 gnoll zombies (D:12)
  A kobold skeleton (Crypt:2)
  An orc skeleton (D:12)
  14 orc zombies
  7 rats
  A butterfly (Lair:4)
  A lurking horror (Abyss:3)
  7 starspawn tentacles
1957 creatures vanquished.

Vanquished Creatures (others)
  A pandemonium lord (Zig:8)
  A demonspawn corrupter (Zig:6)
  A two-headed ogre (Orc:2)
  A shock serpent (WizLab)
  A deep elf archer (Elf:1)
  An ice dragon simulacrum (Crypt:1)
  4 starspawn tentacles
10 creatures vanquished.

Grand Total: 1967 creatures vanquished

Notes
Turn   | Place    | Note
-------+----------+-------------------------------------------
     0 | D:1      | Pooter the Minotaur Fighter began the quest for the Orb.
     0 | D:1      | Reached XP level 1. HP: 19/19 MP: 0/0
    30 | D:1      | Reached skill level 3 in Axes
    40 | D:1      | Reached XP level 2. HP: 27/27 MP: 1/1
    66 | D:1      | Found Suosm's General Store.
   268 | D:1      | Reached XP level 3. HP: 33/33 MP: 2/2
   297 | D:1      | Reached skill level 1 in Ranged Weapons
   694 | D:1      | Bought a scroll of identify for 28 gold pieces
   694 | D:1      | Bought a potion of curing for 42 gold pieces
   718 | D:2      | Reached skill level 4 in Axes
   745 | D:2      | Noticed Natasha
   753 | D:2      | Killed Natasha
   754 | D:2      | Reached XP level 4. HP: 21/40 MP: 3/3
   939 | D:2      | Found an ancient bone altar of Kikubaaqudgha.
  1155 | D:2      | Noticed Natasha
  1157 | D:2      | Found a faded altar of an unknown god.
  1169 | D:2      | Killed Natasha
  1311 | D:2      | Noticed Natasha
  1326 | D:2      | Killed Natasha
  1327 | D:2      | Reached skill level 1 in Throwing
  1327 | D:2      | Reached XP level 5. HP: 34/47 MP: 4/4
  1842 | D:3      | Noticed Terence
  1846 | D:3      | Killed Terence
  1847 | D:3      | Reached skill level 5 in Axes
  2412 | D:4      | Reached XP level 6. HP: 44/55 MP: 5/5
  2450 | D:4      | Noticed Pikel
  2460 | D:4      | Killed Pikel
  2461 | D:4      | Reached skill level 5 in Fighting
  2461 | D:4      | Reached skill level 6 in Axes
  2461 | D:4      | Reached XP level 7. HP: 27/61 MP: 6/6
  2737 | D:4      | Noticed Sigmund
  2761 | D:4      | Killed Sigmund
  2762 | D:4      | Reached skill level 7 in Axes
  2762 | D:4      | Reached skill level 5 in Ranged Weapons
  3003 | D:5      | Entered Level 5 of the Dungeon
  3016 | D:4      | Reached XP level 8. HP: 64/70 MP: 7/7
  3556 | D:6      | Reached skill level 1 in Evocations
  3570 | D:6      | Noticed Edmund
  3588 | D:6      | Found Ewnututt's Jewellery Emporium.
  3605 | D:6      | Reached skill level 8 in Axes
  3722 | D:6      | Reached skill level 1 in Maces & Flails
  3881 | D:6      | Reached XP level 9. HP: 78/78 MP: 8/8
  3916 | D:6      | Killed Edmund
  4099 | D:6      | Noticed Blork the orc
  4101 | D:6      | Blork the orc changed into Blork the giant cockroach
  4101 | D:6      | Noticed Blork
  4102 | D:6      | Noticed Grinder
  4104 | D:6      | Killed Blork the giant cockroach
  4104 | D:6      | Paralysed by Grinder for 3 turns
  4107 | D:6      | Grinder changed into Grinder the crimson imp
  4107 | D:6      | Noticed Grinder
  4110 | D:6      | Killed Grinder the crimson imp
  4975 | D:7      | Upgraded the game from 0.31-a0-986-g5e6e4ef867 to
                  | 0.31-a0-1071-gaead2f62b1
  5056 | D:7      | Found a staircase to the Ecumenical Temple.
  5064 | Temple   | Entered the Ecumenical Temple
  5069 | Temple   | Became a worshipper of Warmaster Okawaru
  5276 | D:7      | Found a shadowy altar of Dithmenos.
  5610 | D:7      | Reached skill level 5 in Maces & Flails
  5745 | D:8      | Noticed Jeffwins's ghost (novice DrSh)
  5778 | D:8      | Found an ornate altar of the Wu Jian Council.
  5809 | D:8      | Noticed Jeremiah
  5836 | D:8      | Killed Jeremiah
  5836 | D:8      | Reached * piety under Okawaru
  5880 | D:8      | Found a transporter.
  5893 | D:8      | Found a transporter.
  5906 | D:8      | Reached XP level 10. HP: 88/88 MP: 9/9
  5935 | D:8      | Found a shimmering altar of Xom.
  5935 | D:8      | Found a bloodstained altar of Trog.
  5936 | D:8      | Found a hazy altar of Hepliaklqana.
  6042 | D:8      | Found a glowing silver altar of Zin.
  6335 | D:8      | Found a white marble altar of Elyvilon.
  6454 | D:8      | Killed Jeffwins's ghost
  6455 | D:8      | Reached skill level 9 in Axes
  6455 | D:8      | Reached skill level 1 in Invocations
  6498 | D:9      | Noticed a tengu warrior
  6510 | D:9      | Killed a tengu warrior
  6510 | D:9      | Reached ** piety under Okawaru
  6778 | D:9      | Reached skill level 10 in Ranged Weapons
  7129 | D:9      | Reached skill level 10 in Axes
  7339 | D:9      | Reached *** piety under Okawaru
  7669 | D:9      | Found the +18 Lear's hauberk
  8285 | D:10     | Entered Level 10 of the Dungeon
  8539 | D:10     | Noticed a two-headed ogre
  8548 | D:10     | Killed a two-headed ogre
  8549 | D:10     | Reached XP level 11. HP: 86/97 MP: 12/12
  8640 | D:10     | Reached skill level 11 in Axes
  8878 | D:10     | Found a staircase to the Lair.
  8941 | D:10     | Reached **** piety under Okawaru
  9160 | Lair:1   | Entered Level 1 of the Lair of Beasts
  9734 | Lair:1   | Reached ***** piety under Okawaru
  9735 | Lair:1   | Reached skill level 12 in Axes
 10106 | Lair:2   | Reached skill level 10 in Fighting
 10122 | Lair:2   | Found a hide-covered altar of Uskayaw.
 10122 | Lair:2   | Noticed a boulder beetle
 10123 | Lair:2   | Found an ornate altar of the Wu Jian Council.
 10156 | Lair:2   | Killed a boulder beetle
 10249 | Lair:1   | Reached skill level 5 in Invocations
 10371 | Lair:2   | Reached XP level 12. HP: 106/106 MP: 14/14
 10378 | Lair:2   | Received a gift from Okawaru
 10379 | Lair:2   | Reached skill level 13 in Axes
 10646 | D:1      | Bought the amulet of Lecuvuhy {Reflect rN+++ Str-2 Dex-2
                  | SH+5 SInv} for 753 gold pieces
 10964 | Lair:2   | Noticed an eight-headed hydra
 10968 | Lair:2   | Killed a five-headed hydra
 11516 | Lair:2   | Found a hole to the Spider Nest.
 12001 | Lair:2   | Received a gift from Okawaru
 12586 | Lair:3   | Found a staircase to the Shoals.
 12691 | Lair:3   | Learned a level 1 spell: Apportation
 12699 | Lair:3   | Noticed a death yak
 12715 | Lair:3   | Noticed a death yak
 12716 | Lair:3   | Noticed a death yak
 12741 | Lair:3   | Noticed a death yak
 12743 | Lair:3   | Noticed a death yak
 12744 | Lair:3   | Killed a death yak
 12749 | Lair:3   | Killed a death yak
 12757 | Lair:2   | Killed a death yak
 12758 | Lair:2   | Reached skill level 14 in Axes
 12758 | Lair:2   | Killed a death yak
 12759 | Lair:2   | Reached skill level 1 in Translocations
 12874 | Lair:3   | Noticed a death yak
 12878 | Lair:3   | Noticed a death yak
 12880 | Lair:3   | Noticed a death yak
 12886 | Lair:2   | Killed a death yak
 12898 | Lair:2   | Killed a death yak
 12898 | Lair:2   | Received a gift from Okawaru
 12899 | Lair:2   | Killed a death yak
 13045 | Lair:3   | Noticed a death yak
 13045 | Lair:3   | Noticed a death yak
 13045 | Lair:3   | Noticed a death yak
 13047 | Lair:3   | Noticed a death yak
 13054 | Lair:3   | Noticed a death yak
 13064 | Lair:2   | Killed a death yak
 13206 | Lair:2   | Killed a death yak
 13207 | Lair:2   | Reached XP level 13. HP: 116/116 MP: 15/17
 13248 | Lair:3   | Reached ****** piety under Okawaru
 13340 | Lair:3   | Acquired a +3 longbow of freezing
 13340 | Lair:3   | Received a gift from Okawaru
 13343 | Lair:3   | Acquired the +2 pair of boots of Xohe {rF++ Dex+4}
 13343 | Lair:3   | Received a gift from Okawaru
 14266 | Lair:4   | Received a gift from Okawaru
 14426 | Lair:4   | Found a transporter.
 14430 | Lair:4   | Noticed Godezusi's ghost (journeyman DsFi)
 14446 | Lair:4   | Found a transporter.
 14536 | Lair:4   | Identified the +0 ring mail of Refuge {rElec}
 14555 | Lair:4   | Reached skill level 15 in Axes
 14558 | Lair:4   | Noticed Kirke
 14562 | Lair:4   | Noticed a sphinx
 14566 | Lair:4   | Killed Kirke
 14728 | Lair:4   | Received a gift from Okawaru
 14798 | Lair:4   | Found a viscous altar of Jiyva.
 14800 | Lair:4   | Found a staircase to the Slime Pits.
 15001 | Lair:4   | Reached skill level 5 in Armour
 15188 | Lair:5   | Entered Level 5 of the Lair of Beasts
 15585 | Lair:4   | Received a gift from Okawaru
 15736 | Lair:5   | Reached skill level 15 in Ranged Weapons
 15853 | Lair:5   | Reached XP level 14. HP: 126/126 MP: 18/18
 15864 | Lair:5   | Received a gift from Okawaru
 16044 | Lair:5   | Identified the +1 leather armour of the Five Bones {rPois
                  | Int-4 Dex+3}
 16249 | Lair:5   | Identified a scroll of acquirement
 16250 | Lair:5   | Acquired a +2 heavy arbalest
 16278 | Lair:5   | Reached skill level 16 in Axes
 16532 | Lair:5   | Received a gift from Okawaru
 17373 | D:11     | Found a gate leading to a gauntlet.
 17387 | Gauntlet | Entered a Gauntlet
 17387 | Gauntlet | Found a transporter.
 17387 | Gauntlet | Found a runed translucent door.
 17388 | Gauntlet | Found a runed translucent door.
 17391 | Gauntlet | Found a transporter.
 17396 | Gauntlet | Found a transporter.
 17399 | Gauntlet | Received a gift from Okawaru
 17408 | Gauntlet | Identified the +0 ring mail of the Valley of Death {rPois}
 17735 | Gauntlet | Found a transporter.
 17763 | Gauntlet | Found a transporter.
 17763 | Gauntlet | Found a transporter.
 17763 | Gauntlet | Found a transporter.
 17935 | Gauntlet | Found a runed translucent door.
 17937 | Gauntlet | Found a transporter.
 17964 | Gauntlet | Found a transporter.
 18320 | D:11     | You fall into a shaft and drop 1 floor!
 18449 | D:12     | Found a staircase to the Orcish Mines.
 18549 | D:12     | Noticed Stellion's ghost (journeyman GnHs)
 18945 | D:11     | Gained mutation: You occasionally shout uncontrollably at
                  | your foes. [a neqoxec]
 19563 | D:12     | Received a gift from Okawaru
 19642 | D:12     | Found a runed translucent gate.
 19642 | D:12     | Found a runed translucent gate.
 19642 | D:12     | Found a runed translucent gate.
 20122 | D:12     | Reached skill level 17 in Axes
 20122 | D:12     | Reached XP level 15. HP: 117/135 MP: 17/20
 20126 | D:12     | Killed Stellion's ghost
 20171 | D:12     | Identified the +1 pair of gloves of Reason {+Blink rF+
                  | Dex+3}
 20174 | D:12     | Upgraded the game from 0.31-a0-1071-gaead2f62b1 to
                  | 0.31-a0-1074-g0b22e4e0f1
 20211 | Orc:1    | Entered Level 1 of the Orcish Mines
 20465 | Orc:1    | You fall into a shaft and drop 1 floor!
 20465 | Orc:2    | Entered Level 2 of the Orcish Mines
 20496 | Orc:2    | Found a staircase to the Elven Halls.
 20531 | Orc:1    | Found a frozen archway.
 20543 | IceCv    | Entered an ice cave
 21032 | IceCv    | Received a gift from Okawaru
 21152 | IceCv    | Got the Volume of Infected Death
 21718 | Orc:2    | Paralysed by an orc sorcerer for 3 turns
 23745 | Orc:2    | Received a gift from Okawaru
 23801 | Orc:2    | Found Jaeq's Jewellery Boutique.
 23807 | Orc:2    | Bought a ring of protection from fire for 350 gold pieces
 23821 | Orc:2    | Found Byabal's Distillery.
 23823 | Orc:2    | Found Pisaudghu's Armour Shoppe.
 23833 | Orc:2    | Bought a potion of mutation for 120 gold pieces
 23833 | Orc:2    | Bought a potion of curing for 45 gold pieces
 23833 | Orc:2    | Bought a potion of cancellation for 120 gold pieces
 23833 | Orc:2    | Bought a potion of haste for 150 gold pieces
 23833 | Orc:2    | Bought 2 potions of heal wounds for 150 gold pieces
 23843 | Orc:2    | Found Rosocips's Book Shoppe.
 24636 | D:13     | Found a transporter.
 24680 | D:13     | Found a transporter.
 25025 | D:13     | Found a gate to the Vaults.
 25355 | D:14     | Reached skill level 18 in Axes
 25685 | D:14     | Identified the +6 whip of Putrescence {antimagic, Str+2
                  | Int+4 Dex+3}
 25767 | D:14     | Found Ydesed's Gadget Gallery.
 26024 | D:15     | Entered Level 15 of the Dungeon
 26026 | D:15     | Noticed Louise
 26167 | D:15     | Received a gift from Okawaru
 26175 | D:15     | Killed Louise
 26306 | D:15     | Noticed Roxanne
 26319 | D:15     | Killed Roxanne
 26484 | D:15     | Noticed Jorgrun
 26495 | D:15     | Killed Jorgrun
 26957 | D:15     | Reached XP level 16. HP: 144/146 MP: 22/22
 27054 | D:15     | Found a staircase to the Depths.
 27351 | Spider:1 | Entered Level 1 of the Spider Nest
 27500 | Spider:1 | Received a gift from Okawaru
 27517 | Lair:2   | HP: 1/146 [jumping spider (7)]
 27779 | Spider:1 | Reached skill level 10 in Invocations
 28041 | Spider:1 | Noticed Donald
 28130 | Arena    | Entered the Arena
 28134 | Arena    | Killed Donald
 30170 | Spider:1 | Reached skill level 10 in Armour
 31214 | Spider:2 | Reached skill level 19 in Axes
 33761 | Spider:3 | Noticed Mlioglotl
 33989 | Spider:3 | Killed Mlioglotl
 34556 | Spider:3 | Received a gift from Okawaru
 35528 | Spider:3 | Acquired 624 gold pieces
 35557 | Spider:3 | Reached skill level 15 in Fighting
 36044 | Spider:3 | Reached XP level 17. HP: 156/156 MP: 24/24
 36254 | D:14     | Bought a tin of tremorstones (2/2) for 640 gold pieces
 36437 | D:6      | Bought a ring of protection from cold for 350 gold pieces
 37021 | Spider:4 | Entered Level 4 of the Spider Nest
 37467 | Spider:4 | Received a gift from Okawaru
 37516 | Spider:4 | Noticed Arachne
 37530 | Spider:4 | Killed Arachne
 38889 | Spider:4 | Reached skill level 20 in Axes
 40840 | Spider:4 | Identified the serpent talisman of Hoteimn {rF+}
 40840 | Spider:4 | Noticed Aizul
 40847 | Arena    | Entered the Arena
 41478 | Arena    | Entered the Arena
 41486 | Arena    | Killed Aizul
 45196 | Spider:4 | Received a gift from Okawaru
 45536 | Spider:4 | Reached skill level 5 in Evocations
 46032 | Spider:4 | Got a gossamer rune of Zot
 46887 | Elf:1    | Entered Level 1 of the Elven Halls
 47025 | Elf:1    | Found an ancient bone altar of Kikubaaqudgha.
 47167 | Elf:1    | Paralysed by an air elemental for 1 turns
 47191 | Elf:1    | Reached skill level 1 in Dodging
 47191 | Elf:1    | Reached skill level 5 in Translocations
 47978 | Elf:1    | Received a gift from Okawaru
 48057 | Elf:1    | Found the sphere of Battle
 48706 | Elf:1    | Reached XP level 18. HP: 166/166 MP: 25/25
 49110 | Elf:1    | Identified the +4 trident of Outrage {flame, rF- Str+2
                  | SInv}
 50874 | Elf:2    | Found a runed translucent gate.
 50874 | Elf:2    | Found a runed translucent gate.
 50881 | Elf:2    | Found a runed translucent gate.
 50932 | Elf:2    | Reached skill level 21 in Axes
 51130 | Elf:2    | Found Ytomolot's Jewellery Emporium.
 51219 | Elf:3    | Entered Level 3 of the Elven Halls
 51267 | Elf:3    | Found Vecw's Tremendous Tomes.
 51912 | Elf:3    | Received a gift from Okawaru
 52004 | Elf:3    | Found a shimmering blue altar of Sif Muna.
 53890 | Elf:3    | Identified the +6 lajatang of Perversion {freeze, +Blink}
 54593 | Elf:3    | Identified the +8 falchion "Pewk" {holy, rElec Str-4 Int+3
                  | Dex+5}
 54623 | Elf:3    | Identified the +5 long sword of the Shrinking King
                  | {protect, +Blink rN+}
 57289 | Elf:3    | Identified the +1 mace "Deng" {drain, *Slow Int+4 Stlth+}
 57294 | Elf:3    | Reached skill level 5 in Dodging
 57983 | Elf:3    | Identified the +2 chain mail "Worewis" {Int+3 Dex+3}
 59152 | Elf:3    | Received a gift from Okawaru
 61682 | Elf:3    | Reached skill level 22 in Axes
 61682 | Elf:3    | Identified the +4 glaive "Viuv" {freeze, *Noise rC+ Str+3}
 61799 | Elf:3    | Got the Volume of Stormy Kindling
 61893 | Elf:3    | Identified the +1 triple sword "Ufeg" {protect, rCorr Str+2
                  | Int+2}
 62144 | Elf:3    | Identified the +5 rapier "Tevihima" {venom, Will+}
 62389 | Shoals:1 | Entered Level 1 of the Shoals
 64124 | Shoals:1 | Reached XP level 19. HP: 145/177 MP: 26/26
 64130 | Shoals:1 | Received a gift from Okawaru
 66117 | Shoals:2 | Noticed Polyphemus
 66129 | Shoals:1 | Killed Polyphemus
 68341 | Shoals:2 | Found Xehoalu's Distillery.
 68360 | Shoals:2 | Bought a potion of invisibility for 120 gold pieces
 68360 | Shoals:2 | Bought a potion of heal wounds for 75 gold pieces
 68360 | Shoals:2 | Bought a potion of heal wounds for 75 gold pieces
 68360 | Shoals:2 | Bought a potion of mutation for 120 gold pieces
 72035 | Shoals:3 | Found a runed translucent gate.
 72036 | Shoals:3 | Found a runed translucent gate.
 72037 | Shoals:3 | Found a runed translucent gate.
 72038 | Shoals:3 | Found an opulent altar of Gozag.
 72039 | Shoals:3 | Found Pevivaj's Assorted Antiques.
 72039 | Shoals:3 | Noticed Soob's ghost (adept MfSh)
 72062 | Shoals:3 | Killed Soob's ghost
 72747 | Shoals:4 | Entered Level 4 of the Shoals
 74833 | Shoals:4 | Got a barnacled rune of Zot
 74866 | Arena    | Entered the Arena
 75902 | Shoals:4 | Reached skill level 23 in Axes
 76015 | Shoals:4 | Reached skill level 5 in Throwing
 76353 | Shoals:4 | Received a gift from Okawaru
 76670 | Shoals:4 | Identified the +4 cloak "Reolalur" {-Tele Harm rN+ Dex+4}
 76678 | Shoals:4 | Identified the +0 kite shield of Summer {rC+}
 77319 | Abyss:3  | Cast into level 3 of the Abyss (deep elf knight)
 77338 | Abyss:3  | Found a corrupted altar of Lugonu.
 77429 | Abyss:3  | Paralysed by an apocalypse crab for 4 turns
 77550 | Abyss:3  | Reached XP level 20. HP: 69/187 MP: 27/27
 77601 | D:13     | Escaped the Abyss
 77601 | D:13     | Noticed Gawasace's ghost (journeyman FoFi)
 77625 | D:13     | Killed Gawasace's ghost
 77850 | D:13     | Found a one-way gate to the infinite horrors of the Abyss.
 78084 | Lair:4   | Killed Godezusi's ghost
 78488 | Vaults:1 | Entered Level 1 of the Vaults
 78529 | Vaults:1 | Lost mutation: You occasionally shout uncontrollably at
                  | your foes. [potion of mutation]
 78529 | Vaults:1 | Gained mutation: You have a pair of large horns on your
                  | head. [potion of mutation]
 78529 | Vaults:1 | Gained mutation: You have hidden genetic potential. [potion
                  | of mutation]
 78529 | Vaults:1 | Gained mutation: You expend magic power (3 MP) to
                  | strengthen your wands. [potion of mutation]
 78530 | Vaults:1 | Lost mutation: You have a pair of large horns on your head.
                  | [potion of mutation]
 78530 | Vaults:1 | Lost mutation: You have hidden genetic potential. [potion
                  | of mutation]
 78530 | Vaults:1 | Lost mutation: You expend magic power (3 MP) to strengthen
                  | your wands. [potion of mutation]
 78530 | Vaults:1 | Gained mutation: Your magical capacity is low. (-10% MP)
                  | [potion of mutation]
 78531 | Vaults:1 | Lost mutation: Your magical capacity is low. (-10% MP)
                  | [potion of mutation]
 78531 | Vaults:1 | Gained mutation: You are clumsy. (Dex -2) [potion of
                  | mutation]
 78532 | Vaults:1 | Lost mutation: You are clumsy. (Dex -2) [potion of
                  | mutation]
 78532 | Vaults:1 | Gained mutation: You have large cloven feet. [potion of
                  | mutation]
 78532 | Vaults:1 | Gained mutation: Your muscles are strong. (Str +4, Int/Dex
                  | -1) [potion of mutation]
 79651 | Vaults:1 | Reached skill level 1 in Stealth
 80100 | Vaults:1 | Received a gift from Okawaru
 80318 | Vaults:1 | Learned a level 4 spell: Manifold Assault
 81975 | Vaults:2 | Received a gift from Okawaru
 82462 | Vaults:2 | Found Ydou's Weapon Shop.
 83697 | Vaults:2 | Identified the +7 flail of Xashiego {flame, rPois rF-
                  | Int+4}
 83951 | Vaults:2 | Received a gift from Okawaru
 84174 | Vaults:3 | Reached XP level 21. HP: 154/195 MP: 28/28
 85201 | Vaults:3 | Noticed Asterion
 85238 | Vaults:3 | Reached skill level 10 in Dodging
 85987 | Vaults:3 | Killed Asterion
 86195 | Vaults:3 | Received a gift from Okawaru
 86398 | Vaults:3 | Reached skill level 5 in Stealth
 86713 | Vaults:3 | Found Demar's Book Shop.
 86954 | Vaults:3 | Found a staircase to the Crypt.
 86963 | Crypt:1  | Entered Level 1 of the Crypt
 87990 | Crypt:1  | Identified the ring of Aschami {Ice Will+ Str+2 Dex+2}
 87990 | Crypt:1  | Noticed Josephina
 88080 | Arena    | Entered the Arena
 88087 | Arena    | Killed Josephina
 89069 | Crypt:1  | Paralysed by a vampire knight for 2 turns
 89756 | Crypt:1  | Identified the staff of War {rF+ rC+ Stlth+ Ice}
 90218 | Crypt:1  | Noticed a profane servitor
 90230 | Crypt:1  | Killed a profane servitor
 90647 | Crypt:1  | Found a basalt altar of Yredelemnul.
 90793 | Crypt:1  | Identified the +6 orcbow of Opramuwn {drain, rCorr Int+5}
 90805 | Crypt:1  | Identified the +0 ring mail "Nioroget" {rC+}
 90980 | Crypt:2  | Found a magical portal.
 90989 | WizLab   | Entered The Chambers of the Cloud Mage
 91046 | WizLab   | Paralysed by an air elemental for 1 turns
 91079 | WizLab   | Paralysed by an air elemental for 1 turns
 91267 | WizLab   | Paralysed by an air elemental for 1 turns
 91648 | WizLab   | Paralysed by an air elemental for 1 turns
 92017 | WizLab   | Identified the ring "Kog Iguf" {*Slow Fly rCorr Dex+5
                  | Stlth+}
 92022 | WizLab   | Identified the ring of Dinuhoh {Contam Fly rC- rCorr SInv}
 92024 | WizLab   | Got Buujiojera's Catalogue of Aeromancy
 93058 | Crypt:2  | Received a gift from Okawaru
 94421 | Crypt:2  | Reached XP level 22. HP: 174/206 MP: 29/29
 96088 | Crypt:2  | Received a gift from Okawaru
 96565 | Crypt:3  | Entered Level 3 of the Crypt
 97071 | Crypt:3  | Reached skill level 10 in Translocations
 97460 | Crypt:3  | Reached skill level 10 in Throwing
 98887 | Crypt:3  | Received a gift from Okawaru
 98956 | Crypt:3  | Found a staircase to the Tomb.
100770 | Crypt:3  | Identified the +4 long sword of Uruosav {heavy, rF+ Int+5}
100770 | Crypt:3  | Noticed Frederick
100781 | Crypt:3  | Killed Frederick
101724 | Crypt:3  | Got Sif Muna's Exposition on Necromancy
101736 | Crypt:3  | Identified the amulet "Sooce" {+Inv rPois rN++ Regen+
                  | Slay-2}
101736 | Crypt:3  | Identified the ring "Nuwnui" {Drain Fly rN+ Int+5 Slay+5}
102390 | Vaults:4 | Noticed Margery
102433 | Arena    | Entered the Arena
102438 | Arena    | Killed Margery
102531 | Vaults:4 | Reached XP level 23. HP: 212/217 MP: 30/30
103310 | Vaults:4 | Identified the +1 ring mail "Qetiwinui" {*Slow rN++}
103779 | Vaults:4 | Found Ujunwaxt's Armour Boutique.
104158 | Vaults:4 | Reached skill level 1 in Spellcasting
106274 | Depths:1 | Entered Level 1 of the Depths
106584 | Depths:1 | Noticed Bai Suzhen
106599 | D:15     | Killed Bai Suzhen
107938 | Orc:2    | Bought the +7 plate armour of the Depths {Harm rElec rPois
                  | Int-4} for 813 gold pieces
109988 | Depths:1 | Found a shadowy altar of Dithmenos.
110211 | Depths:1 | Found a one-way gateway to a ziggurat.
110222 | Zig:1    | Entered Level 1 of a ziggurat
110240 | Zig:2    | Entered Level 2 of a ziggurat
110488 | Zig:2    | Identified the +2 leather armour of Zikkaso {rC+ rN+}
110494 | Zig:3    | Entered Level 3 of a ziggurat
110686 | Zig:4    | Entered Level 4 of a ziggurat
110833 | Zig:4    | Identified the staff of Midnight {rF- rN+ Int+9 Stlth+
                  | Necro}
110838 | Zig:5    | Entered Level 5 of a ziggurat
111181 | Zig:5    | Identified the ring "Koirayg" {rF+ Will- Int+5 Slay+3}
111198 | Zig:6    | Entered Level 6 of a ziggurat
111212 | Zig:6    | Noticed Waet the pandemonium lord
111220 | Zig:6    | Killed Waet the pandemonium lord
111348 | Zig:6    | Reached skill level 10 in Evocations
111348 | Zig:6    | Reached XP level 24. HP: 228/228 MP: 30/30
111353 | Zig:6    | Learned a level 3 spell: Gell's Gravitas
111357 | Zig:6    | Learned a level 3 spell: Teleport Other
111362 | Zig:6    | Learned a level 4 spell: Passage of Golubria
111364 | Zig:6    | Identified the +3 rapier of Dim Light {freeze, Str+3}
111371 | Zig:7    | Entered Level 7 of a ziggurat
111384 | Zig:7    | Noticed Ele Ugur the pandemonium lord
111399 | Zig:7    | Killed Ele Ugur the pandemonium lord
111715 | Zig:7    | Found the ring of the Octopus King
111723 | Zig:7    | Identified the +4 flail of Opnimaq {heavy, rPois}
111724 | Zig:7    | Identified the staff "Emyst" {Will+ Dex+3 Earth}
111727 | Zig:7    | Identified a ring of the Octopus King {Fly HP+2 AC+2 EV+2
                  | SH+2}
111732 | Zig:7    | Got the Papyrus of Evolved Orientation
111737 | Zig:8    | Entered Level 8 of a ziggurat
111747 | Zig:8    | Noticed Nungich the pandemonium lord
111762 | Zig:8    | HP: 8/228 [demonspawn blood saint/iceblast (26)]
111762 | Zig:8    | Killed Nungich the pandemonium lord
111762 | Zig:8    | Killed from afar by a demonspawn blood saint

Illustrated notes

Levels and vault maps discovered:
D:1:      lordsloth_arrival_two_stooges, layout_loops_ring, serial_shops, shop
D:2:      layout_basic, hellmonk_ecumenical_altar_run_dry, basic_altar,
          uniq_natasha
D:3:      layout_rooms, hangedman_decor_clover_reticule, minmay_misc_feat_doors,
          uniq_terence
D:4:      layout_cave_pools, st_stairs_6, hangedman_decor_peaks_small,
          minmay_surrounded, uniq_sigmund, uniq_pikel
D:5:      layout_rooms
D:6:      layout_loops_ring, serial_shops, shop, uniq_grinder, uniq_edmund,
          uniq_blork_the_orc
D:7:      layout_cave_pods, nicolae_overflow_crystal_walls,
          minmay_temple_entry_gardened_gates
D:8:      layout_rooms, zin_statuary, mainiacjoe_overflow_six_doors_small,
          nicolae_overflow_quartered_altars, gammafunk_ghost_stat_death,
          uniq_jeremiah
D:9:      layout_layer_cave, hellmonk_guarded_unrand_lears
D:10:     layout_irregular_city, due_lair_maze_entry_diamond,
          minmay_misc_feat_enclosed, minivault_1
D:11:     layout_loops_corners, gauntlet_entry_generic, nicolae_neqoxec_dot_bat
D:12:     layout_irregular_city, zombieorc1_lemuel, gammafunk_ghost_split
D:13:     layout_irregular_city, hellmonk_vaults_keyhole,
          gammafunk_ghost_abyssal_escape
D:14:     layout_basic, minivault_11, nicolae_shop_gadgets
D:15:     hangedman_depths_entry_civil_slaughter, layout_basic, uniq_louise,
          uniq_jorgrun, uniq_roxanne
Temple:   minmay_freezing_vapour_temple
Lair:1:   layout_regular_city, grunt_megastairs_4, lemuel_fruit_tree
Lair:2:   layout_cave_pods, hellmonk_spider_entry_not_the_bees,
          nzn_masters_of_martial_movement
Lair:3:   layout_cave_pods, shoals_dummy_entry
Lair:4:   layout_roguey, slime_entry_1, gammafunk_ghost_berserking_beasts,
          lemuel_fruit_fields, uniq_kirke
Lair:5:   evilmike_catoblepas_cave, layout_regular_city
Shoals:1: layout_shoals, nicolae_shoals_water_shrine
Shoals:2: layout_shoals, serial_shops, shop, uniq_polyphemus
Shoals:3: layout_shoals, ebering_ghost_gozag
Shoals:4: shoals_end_hellmonk_lost_city
Spider:1: layout_spider_delve, nicolae_spider_bzzzt, uniq_donald
Spider:2: layout_spider_delve
Spider:3: layout_spider_delve, nicolae_spider_webbed_stairs, uniq_mlioglotl
Spider:4: johnstein_spider_rune_arachne_lair, uniq_aizul, uniq_arachne
Orc:1:    layout_diamond_mine, portal_ice_cave_entry_pillars_2
Orc:2:    hellmonk_orc_salted, layout_caves, elf_legates
Elf:1:    minmay_the_grid_triangle_9x9_line_8_mashed
          [minmay_the_grid_triangle_9x9_impossible_snake,
          minmay_the_grid_triangle_9x9_wacky_v,
          minmay_the_grid_triangle_9x9_zippers_vertical,
          minmay_the_grid_triangle_9x9_intruding_spiral,
          minmay_the_grid_triangle_9x9_corruption,
          minmay_the_grid_triangle_9x9_odd_lines,
          minmay_the_grid_triangle_9x9_skeleton,
          minmay_the_grid_triangle_9x9_prize_schism], layout_geoelf_octagon,
          basic_altar, st_stairs_5
Elf:2:    elven_hall_of_blades_hangedman_original
          [nicolae_vaults_blade_armed_guards], layout_onion_city, serial_shops,
          shop, corexii_leaking_fountain, due_unseen_surprise
Elf:3:    minmay_elf_hall_hex, layout_onion_city, basic_altar,
          nicolae_elf_w_pinch, nicolae_shop_i_like_big_books,
          grunt_ministairs_10
Vaults:1: v_misc_26, hangedman_vaults_corner, nicolae_vaults_shrinking_rooms_2,
          nicolae_vaults_steering_wheel, nicolae_vaults_storage_room_glass,
          grunt_vaults_bifocal, v_misc_10, nicolae_vaults_closet_pinwheel_2,
          nicolae_vaults_trapezoid_lopsided_3, nicolae_vaults_apartment_1,
          layout_vaults_ring
Vaults:2: hangedman_vaults_corner_blocks, nicolae_vaults_network_star,
          nicolae_vaults_apartment_2, nicolae_vaults_crenellated_ambush,
          ontoclasm_vaults_gateway, nicolae_vaults_yaktaur_gun_rack,
          v_alt_pattern_1, nicolae_vaults_closet_pinwheel_4,
          nicolae_vaults_trapezoid_4, nicolae_vaults_weapon_check,
          vaults_room_corners, serial_ice_g, nicolae_vaults_tangram_2,
          layout_vaults_omnigrid, serial_shops,
          nicolae_shop_bloodbath_and_beyond
Vaults:3: minmay_crypt_entry_simple_corners, nicolae_vaults_ninety_degrees,
          nicolae_vaults_apartment_1, nicolae_vaults_antechamber_and_loot_room,
          nicolae_vaults_big_ls, nicolae_vaults_double_plus_1,
          nicolae_vaults_storage_closets_3, vaults_room_pool,
          nicolae_vaults_border_crossing, nicolae_vaults_closet_pinwheel_4,
          nicolae_vaults_little_ls, nicolae_vaults_trapezoid_lopsided_1,
          ontoclasm_vaults_idyll, layout_vaults_maze_snakey, serial_shops,
          shop_fountains, uniq_asterion
Vaults:4: v_rooms_2, v_misc_1, nicolae_vaults_layer_cake_slice,
          nicolae_vaults_trapezoid_lopsided_3, nicolae_vaults_storage_closets_2,
          minmay_orc_keep, nicolae_vaults_storage_room_statues,
          nicolae_vaults_closet_pinwheel_2, lightli_church_of_beogh,
          nicolae_vaults_stepped_doors, grunt_vaults_focal, serial_ice_g,
          ontoclasm_vaults_twist, layout_vaults_omnibox, serial_shops, shop,
          uniq_margery
Crypt:1:  gammafunk_crypt_yreds_forest, layout_chaotic_city, uniq_josephina
Crypt:2:  layout_misc_corridors, mu_enter_wizlab_5,
          nicolae_crypt_knee_deep_in_the_dead
Crypt:3:  due_elkab, layout_chaotic_city, tomb_entry_shell_bobbens, st_stairs_2,
          uniq_frederick
Depths:1: layout_cave_pools, enter_ziggurat_e, hellmouth_1,
          serial_sigils_hangedman_shear,
          nicolae_dithmenos_through_a_glass_darkly, uniq_bai_suzhen
Zig:8

Skill      XL: |  1  2  3  4  5  6  7  8  9 10 11 12 13 14 15 16 17 18 19 20 21 22 23 |
---------------+----------------------------------------------------------------------+-----
Axes           | 3 4 5 6 7 8 10 12 14 15 17 18 19 20 22 23 | 23.4
Fighting       | 4 5 6 7 9 10 11 12 13 14 15 16 17 18 19 20 21 | 21.2
Ranged Weapons | 2 3 4 5 7 9 10 12 13 15 16 17 18 19 | 19.3
Throwing       | 1 2 3 5 7 9 10 | 10.0
Evocations     | 2 3 5 7 8 10 | 10.3
Maces & Flails | 1 5 |  5.8
Invocations    | 3 5 6 7 8 9 10 11 | 11.8
Translocations | 1 3 4 5 7 9 11 12 | 12.4
Armour         | 5 7 9 10 12 13 14 | 14.8
Dodging        | 2 5 7 9 11 12 13 | 13.7
Stealth        | 4 6 8 9 |  9.3
Spellcasting   | 3 |  3.6
Shields        | |  3.6

Action                     |  1- 3 |  4- 6 |  7- 9 | 10-12 | 13-15 | 16-18 | 19-21 | 22-24 || total
---------------------------+-------+-------+-------+-------+-------+-------+-------+-------++-------
  Melee: War axe           |    79 |    87 |    72 |       |       |       |       |       ||   238
         Headbutt          |    13 |    10 |    32 |    59 |   119 |   108 |   205 |   172 ||   718
         Dire flail        |       |       |    59 |       |       |       |     4 |       ||    63
         Battleaxe         |       |       |     1 |   280 |   276 |       |     5 |       ||   562
         Executioner's axe |       |       |       |       |   236 |   476 |   713 |   554 ||  1979
         Unarmed           |       |       |       |       |       |       |     7 |       ||     7
         Arbalest          |       |       |       |       |       |       |       |     7 ||     7
   Fire: Sling             |    10 |    62 |    48 |       |       |       |       |       ||   120
         Orcbow            |       |       |    41 |   172 |       |       |       |       ||   213
         Longbow           |       |       |       |       |   109 |       |       |       ||   109
         Arbalest          |       |       |       |       |   305 |   576 |   656 |   424 ||  1961
  Throw: Boomerang         |       |     3 |    30 |     2 |     4 |    19 |    16 |    23 ||    97
         Javelin           |       |       |       |       |       |       |       |     3 ||     3
   Cast: Apportation       |       |       |       |       |       |       |     2 |       ||     2
         Manifold Assault  |       |       |       |       |       |       |       |     8 ||     8
 Invoke: Heroism           |       |       |       |     9 |    17 |    15 |    15 |    15 ||    71
         Finesse           |       |       |       |     1 |     1 |     1 |     3 |     2 ||     8
         Receive Weapon    |       |       |       |       |     1 |       |       |       ||     1
         Receive Armour    |       |       |       |       |     1 |       |       |       ||     1
         Duel              |       |       |       |       |       |     3 |     2 |     1 ||     6
Ability: Evoke Blink       |       |       |       |       |       |     1 |     1 |     2 ||     4
  Evoke: Wand              |       |       |    15 |       |     2 |    31 |    12 |     3 ||    63
         Tin of tremorston |       |       |       |       |       |     3 |     3 |     2 ||     8
    Use: Scroll            |     2 |     2 |     5 |    12 |    17 |    17 |     7 |    15 ||    77
         Potion            |       |     1 |     4 |     1 |     2 |    12 |    12 |     3 ||    35
   Stab: Petrified         |       |       |       |       |     1 |       |     1 |       ||     2
         Petrifying        |       |       |       |       |     1 |       |       |       ||     1
         Distracted        |       |       |       |       |       |     1 |     2 |       ||     3
         Invisible         |       |       |       |       |       |       |    11 |       ||    11
         Sleeping          |       |       |       |       |       |       |       |     1 ||     1
 Armour: Scale mail        |    51 |    45 |       |       |       |       |       |       ||    96
         Chain mail        |       |    34 |   114 |   339 |   655 |  1008 |  1118 |   385 ||  3653
         Skin              |       |       |       |       |       |       |     9 |       ||     9
         Storm dragon scal |       |       |       |       |       |       |       |    60 ||    60
         Plate armour      |       |       |       |       |       |       |       |    44 ||    44
  Dodge: Dodged            |    33 |    40 |    75 |   158 |   229 |   367 |   621 |   431 ||  1954
         Repelled          |       |       |       |       |       |       |     3 |     9 ||    12
  Block: Buckler           |    26 |    41 |       |       |       |       |       |       ||    67
         Orb               |       |     5 |    26 |       |       |       |       |       ||    31
         Other             |       |       |     9 |    69 |   129 |   160 |   186 |   112 ||   665
         Reflection        |       |       |     1 |       |     3 |    15 |    26 |     6 ||    51

Table legend: (Time is in decaauts)
 A = Elapsed time spent in this place.
 B = Non-inter-level travel time spent in this place.
 C = Inter-level travel time spent in this place.
 D = Time resting spent in this place.
 E = Time spent auto-exploring this place.
 F = Levels seen in this place.
 G = Mean time per level.
                   A        B        C        D        E       F      G
               +--------+--------+--------+--------+--------+-----+--------+
         Total | 112735 | 106966 |   5769 |  66911 |  25037 |  60 | 1878.9 |
       Dungeon |  18158 |  15612 |   2546 |   3586 |   9275 |  15 | 1210.5 |
        Temple |     10 |     10 |      0 |      0 |      0 |   1 |   10.0 |
          Lair |   9543 |   8460 |   1083 |   2956 |   4127 |   5 | 1908.6 |
        Shoals |  14911 |  14514 |    397 |  10852 |   2591 |   4 | 3727.8 |
   Spider Nest |  17861 |  17663 |    198 |  14269 |   2146 |   4 | 4465.2 |
  Orcish Mines |   3415 |   3128 |    287 |   1716 |    771 |   2 | 1707.5 |
   Elven Halls |  15501 |  15364 |    137 |  11923 |   1095 |   3 | 5167.0 |
        Vaults |  12527 |  11909 |    618 |   6317 |   3164 |   4 | 3131.8 |
         Crypt |  14007 |  13512 |    495 |  10088 |   1644 |   3 | 4669.0 |
        Depths |   2395 |   2391 |      4 |   2084 |    144 |   1 | 2395.0 |
         Abyss |    265 |    265 |      0 |    125 |      0 |   1 |  265.0 |
      Ziggurat |   1529 |   1529 |      0 |   1226 |      0 |   8 |  191.1 |
      Ice Cave |    667 |    667 |      0 |    481 |     62 |   1 |  667.0 |
        Wizlab |   1107 |   1107 |      0 |    692 |      6 |   1 | 1107.0 |
      Gauntlet |    706 |    706 |      0 |    507 |     12 |   1 |  706.0 |
         Arena |    127 |    127 |      0 |     85 |      0 |   6 |   21.2 |
               +--------+--------+--------+--------+--------+-----+--------+

Top non-repeatable levels by time:
   Elf:3: 11089 daAuts
Spider:4: 8747 daAuts
 Crypt:2: 5203 daAuts
Shoals:2: 4783 daAuts
 Crypt:3: 4697 daAuts
Shoals:4: 4122 daAuts
 Crypt:1: 4106 daAuts
Vaults:3: 3597 daAuts
Vaults:4: 3469 daAuts
Shoals:1: 3360 daAuts
Vaults:2: 3309 daAuts
   Elf:1: 3267 daAuts
Spider:3: 3176 daAuts
Spider:2: 3147 daAuts
  Lair:2: 3114 daAuts
